 Dungeon Crawl Stone Soup version 0.23.2-1-ga50397a6bc (webtiles) character file.

Game seed: 4641142909938563090

20735 Brecoman the Fighter (level 12, -7/113 HPs)
             Began as a Purple Draconian Transmuter on Apr 14, 2019.
             Was the Champion of Uskayaw.
             Mangled by an orange demon (11 damage)
             ... summoned by an orc sorcerer
             ... led by an orc warlord
             ... on level 1 of the Orcish Mines on Apr 15, 2019.
             The game lasted 01:44:08 (23150 turns).

Brecoman the Fighter (Purple Draconian Transmuter) Turns: 23150, Time: 01:44:08

Health: -7/113     AC:  8    Str: 19    XL:     12   Next: 48%
Magic:  0/23       EV: 19    Int: 16    God:    Uskayaw [******]
Gold:   468        SH:  0    Dex: 21    Spells: 9/26 levels left

rFire    . . .     SeeInvis .   n - +4 dagger (drain)
rCold    . . .     Gourm    .   (no shield)
rNeg     . . .     Faith    .   (armour unavailable)
rPois    .         Spirit   +   (helmet restricted)
rElec    .         Reflect  .   (no cloak)
rCorr    .         Harm     .   (no gloves)
MR       +....                  (no boots)
Stlth    +++.......             F - amulet of guardian spirit
HPRegen  0.28/turn              x - +3 ring of dexterity
MPRegen  0.18/turn              y - +2 ring of slaying

@: mighty, agile, lethally poisoned (-7 -> -22)
A: breathe power, unfitting armour, cold-blooded, AC +8
a: Breathe Dispelling Energy, Stomp, Line Pass, Grand Finale, Renounce Religion


You were on level 1 of the Orcish Mines.
You worshipped Uskayaw.
Uskayaw was noncommittal.
You were not hungry.

You visited 3 branches of the dungeon, and saw 14 of its levels.

You collected 741 gold pieces.
You spent 273 gold pieces at shops.

Inventory:

Hand Weapons
 n - a +4 dagger of draining (weapon)
 I - a +0 dagger
 K - a +0 dagger of pain
Missiles
 a - 203 arrows
 b - 417 stones (quivered)
 l - 4 throwing nets
Magical Staves
 H - an uncursed staff of power
Jewellery
 h - an uncursed ring of protection from cold
 v - an uncursed ring of resist corrosion
 x - a +3 ring of dexterity (left hand)
 y - a +2 ring of slaying (right hand)
 F - an amulet of guardian spirit (around neck)
Wands
 e - a wand of iceblast (7)
 p - a wand of digging (13)
 A - a wand of scattershot (5)
 E - a wand of random effects (40)
 O - a wand of acid (7)
Scrolls
 d - 7 scrolls of teleportation
 i - 7 scrolls of remove curse
 o - a scroll of amnesia
 r - 2 scrolls of fear
 u - a scroll of noise
 w - 2 scrolls of magic mapping
 B - a scroll of enchant armour
Potions
 f - a potion of resistance
 g - 2 potions of brilliance
 j - 2 potions of flight
 k - a potion of invisibility {unknown}
 q - a potion of ambrosia
 s - a potion of agility
 z - 2 potions of lignification
 N - a potion of might
Miscellaneous
 G - a phantom mirror
Comestibles
 c - 10 rations


   Skills:
 + Level 12.3 Fighting
 - Level 2.6 Short Blades
 + Level 3.6 Dodging
   Level 1.6 Shields
 + Level 10.0 Unarmed Combat
 + Level 7.6 Spellcasting
 - Level 11.1 Transmutations
 - Level 5.9 Invocations


You had 9 spell levels left.
You knew the following spells:

 Your Spells              Type           Power        Failure   Level  Hunger
a - Beastly Appendage     Tmut           #####.       1%          1    None
b - Sticks to Snakes      Tmut           #####...     1%          2    None
c - Passwall              Tmut/Erth      ###.....     1%          2    None
d - Blade Hands           Tmut           #####.....   3%          5    #####..
e - Spider Form           Tmut/Pois      ###.......   3%          3    ##.....
f - Ice Form              Ice/Tmut       ###.....     12%         4    ####...

Your spell library contained the following spells:

 Spells                   Type           Power        Failure   Level  Hunger
 Summon Butterflies       Summ           #.......     12%         1    None
 Recall                   Summ/Tloc      N/A          34%         3    ##.....
 Summon Forest            Summ/Tloc      #.........   97%         5    #####..
 Summon Hydra             Summ           #.........   100%        7    #######


Dungeon Overview and Level Annotations

Branches:
Dungeon (12/15)            Temple (1/1) D:4            Lair (0/6) D:11
    Orc (1/2) D:9

Altars:
Elyvilon
Gozag
Kikubaaqudgha
Makhleb
Qazlal
Ru
Uskayaw
Vehumet
Wu Jian
The Shining One

Shops:
D:6 =


Innate Abilities, Weirdness & Mutations

You can breathe bolts of dispelling energy.
Your rich purple scales are hard. (AC +8)
You cannot fit into any form of body armour.
You are cold-blooded and may be slowed by cold attacks.


Message History

* * * LOW HITPOINT WARNING * * *
The orc warrior misses you. The warg barely misses you.
You see here 10 gold pieces.
The orc no longer looks unusually strong.
The warg pauses to sniff the ground.
The orc warrior no longer looks unusually strong.
The orange demon stings you from afar!
* * * LOW HITPOINT WARNING * * *
You are poisoned.
The orange demon poisons you!
There is a staircase back to the Dungeon, spattered with blood here.
* * * LOW HITPOINT WARNING * * *
You feel sick.
The orc wizard no longer looks unusually strong.
The warg closely misses you.
The orc wizard casts a cantrip, but nothing happens.
The orc warrior hits you from afar with a +0 trident!
* * * LOW HITPOINT WARNING * * *
The orange demon stings you from afar!
You die...

.............##.##
.............#...#
#.....o.o.......# #
...$.$.o.......###.#
.....()ooo......(...
##...).....$.......
#.$...)o.o4........$
........))o..$...#.#
#.......#)oh@......#
........([>o........
..........)........#
.#.........[$......#
......#..#...###.##
.....$.......# #
............##
#........$..#
.............


You could see an orange demon, a warg, an orc sorcerer, 4 orc warriors, an orc
priest, an orc wizard and 4 orcs.

Vanquished Creatures
  An orc warlord (Orc:1)
  Erolcha (D:9)
  A hydra (D:11)
  Harold (Orc:1)
  A two-headed ogre (D:11)
  5 death yaks
  An unseen horror (D:12)
  A wizard (D:9)
  A deep elf mage (D:12)
  An orc knight (Orc:1)
  Psyche (D:12)
  A manticore (D:11)
  A troll (D:10)
  A hippogriff (D:12)
  5 large abominations
  A wraith (D:10)
  2 wyverns
  A vampire (D:12)
  11 yaks
  2 hungry ghosts
  A warg (Orc:1)
  7 small abominations
  A water moccasin (D:11)
  5 orc warriors
  2 sky beasts
  A black bear (D:11)
  A hornet zombie (D:12)
  2 phantoms
  3 ice beasts
  A necrophage (D:9)
  5 ogres
  8 centaurs
  3 big kobolds
  A crocodile (D:11)
  6 bullfrogs
  A gnoll sergeant (D:9)
  A wyvern skeleton (D:10)
  A scorpion (D:7)
  3 killer bees (D:10)
  14 wights
  3 howler monkeys (D:8)
  9 crimson imps
  2 quasits
  5 jellies
  4 orc priests
  5 hounds
  2 centaur skeletons
  9 orc wizards
  A bullfrog skeleton (D:9)
  A gnoll shaman (D:6)
  4 iguanas
  8 worker ants
  A hound zombie (D:8)
  Robin (D:3)
  2 howler monkey zombies
  A worker ant zombie (D:10)
  8 adders
  15 gnolls
  7 river rats (D:5)
  A howler monkey skeleton (D:9)
  A shadow imp (D:10)
  2 white imps (D:11)
  2 oozes (D:2)
  2 worms
  2 dart slugs (D:1)
  7 leopard geckos
  42 orcs
  3 ball pythons
  7 giant cockroaches
  12 goblins
  9 hobgoblins
  16 jackals
  26 kobolds
  8 quokkas
  6 bats
  7 frilled lizards
  A jackal zombie (D:9)
  A leopard gecko zombie (D:5)
  A quokka skeleton (D:4)
  16 rats
367 creatures vanquished.

Vanquished Creatures (collateral kills)
  A sky beast (D:6)
  An ogre (D:6)
  A centaur (D:5)
  A crimson imp (D:6)
  An orc priest (D:7)
  A hound (D:5)
  An orc wizard (D:3)
  2 bullfrog skeletons
  A gnoll (D:6)
  An adder (D:3)
  A leopard gecko (D:5)
  7 orcs
  A giant cockroach (D:6)
  A jackal (D:3)
  4 quokkas
  A bat (D:3)
  A frilled lizard (D:5)
  2 rats
29 creatures vanquished.

Grand Total: 396 creatures vanquished

Notes
Turn   | Place    | Note
-------+----------+-------------------------------------------
     0 | D:1      | Brecoman the Draconian Transmuter began the quest for the
                  | Orb.
     0 | D:1      | Reached XP level 1. HP: 16/16 MP: 3/3
   237 | D:1      | Reached XP level 2. HP: 23/23 MP: 3/5
   429 | D:1      | Learned a level 2 spell: Sticks to Snakes
   541 | D:1      | Reached XP level 3. HP: 22/28 MP: 6/6
  1089 | D:2      | Found an opulent altar of Gozag.
  1167 | D:2      | Reached skill level 2 in Fighting
  1595 | D:2      | Reached XP level 4. HP: 27/37 MP: 4/7
  2055 | D:3      | Noticed Robin
  2363 | D:3      | Killed Robin
  2363 | D:3      | Reached skill level 3 in Fighting
  2496 | D:3      | Reached XP level 5. HP: 42/45 MP: 5/8
  3042 | D:3      | Found a faded altar of an unknown god.
  3609 | D:4      | Identified the Reference Book on Dusty Summoning
  3893 | D:4      | Reached skill level 4 in Fighting
  4148 | D:4      | Found a staircase to the Ecumenical Temple.
  4158 | Temple   | Entered the Ecumenical Temple
  4183 | Temple   | Became a worshipper of Uskayaw the Reveler
  4254 | D:5      | Entered Level 5 of the Dungeon
  4299 | D:5      | Noticed a phantom
  4309 | D:5      | Reached * piety under Uskayaw
  4360 | D:5      | Killed a phantom
  4360 | D:5      | Reached XP level 6. HP: 26/53 MP: 3/9
  4485 | D:5      | Learned a level 2 spell: Passwall
  4489 | D:5      | Reached ** piety under Uskayaw
  4572 | D:5      | Found a sacrificial altar of Ru.
  4651 | D:5      | Reached *** piety under Uskayaw
  4798 | D:5      | Reached skill level 5 in Fighting
  4798 | D:5      | Reached skill level 5 in Transmutations
  5159 | D:5      | Noticed an ice beast
  5175 | D:5      | Killed an ice beast
  5175 | D:5      | Your scales start taking on a rich purple colour.
  5175 | D:5      | Reached XP level 7. HP: 18/62 MP: 2/10
  5442 | D:5      | Reached skill level 6 in Fighting
  6161 | D:6      | Found Cydich's Jewellery Emporium.
  6197 | D:6      | Bought a +2 ring of slaying for 273 gold pieces
  6260 | D:6      | Reached XP level 8. HP: 24/71 MP: 3/11
  6893 | D:6      | Reached skill level 7 in Fighting
  6893 | D:6      | Reached skill level 1 in Invocations
  6900 | D:6      | Found a burning altar of Makhleb.
  6900 | D:6      | Found an ornate altar of the Wu Jian Council.
  7018 | D:6      | Reached skill level 1 in Short Blades
  7044 | D:6      | Reached **** piety under Uskayaw
  7333 | D:7      | Reached skill level 1 in Shields
  8874 | D:7      | Found an ancient bone altar of Kikubaaqudgha.
 10311 | D:8      | Learned a level 5 spell: Blade Hands
 10329 | D:8      | Reached XP level 9. HP: 66/81 MP: 9/12
 10465 | D:8      | Found an ornate altar of the Wu Jian Council.
 10532 | D:8      | Reached skill level 8 in Fighting
 10538 | D:8      | Reached ***** piety under Uskayaw
 11272 | D:9      | Reached skill level 5 in Unarmed Combat
 12085 | D:9      | Reached skill level 5 in Invocations
 12603 | D:8      | Found an ornate altar of the Wu Jian Council.
 13292 | D:9      | Found a stormy altar of Qazlal.
 13314 | D:9      | Noticed a large abomination
 13314 | D:9      | Noticed a wizard
 13388 | D:9      | Killed a wizard
 13388 | D:9      | Reached skill level 9 in Fighting
 13388 | D:9      | Reached XP level 10. HP: 60/90 MP: 8/14
 13402 | D:9      | HP: 2/90 [small abomination (6)]
 14118 | D:9      | HP: 4/90 [large abomination (12)]
 14672 | D:9      | Noticed a large abomination
 15194 | D:8      | Killed a large abomination
 15233 | D:9      | Killed a large abomination
 15246 | D:9      | Noticed a large abomination
 15259 | D:9      | Killed a large abomination
 15259 | D:9      | Reached skill level 10 in Fighting
 15901 | D:9      | Found a staircase to the Orcish Mines.
 16031 | D:10     | Entered Level 10 of the Dungeon
 16867 | D:11     | Noticed a two-headed ogre
 16878 | D:11     | Killed a two-headed ogre
 16878 | D:11     | Reached skill level 10 in Transmutations
 16878 | D:11     | Reached XP level 11. HP: 57/100 MP: 6/15
 16917 | D:11     | Noticed a death yak
 17077 | D:11     | Noticed a death yak
 17077 | D:11     | Noticed a death yak
 17077 | D:11     | Noticed a death yak
 17077 | D:11     | Noticed a death yak
 17083 | D:11     | Killed a death yak
 17093 | D:11     | Killed a death yak
 17095 | D:11     | Reached ****** piety under Uskayaw
 17503 | D:10     | Killed a death yak
 17503 | D:10     | Reached skill level 11 in Fighting
 17516 | D:11     | Found a staircase to the Lair.
 17955 | D:10     | Killed a death yak
 18171 | D:11     | Reached skill level 5 in Spellcasting
 18308 | D:10     | Killed a death yak
 18482 | D:11     | Noticed a six-headed hydra
 18505 | D:10     | Learned a level 3 spell: Spider Form
 18873 | D:11     | Learned a level 4 spell: Ice Form
 18883 | D:11     | Killed a six-headed hydra
 19194 | D:11     | HP: 1/102 [centaur/arrow (5)]
 19201 | D:11     | HP: 2/102 [centaur/arrow (11)]
 20010 | D:11     | Found a radiant altar of Vehumet.
 20548 | D:12     | Noticed a deep elf mage
 20573 | D:12     | Killed a deep elf mage
 20573 | D:12     | Reached XP level 12. HP: 83/112 MP: 11/21
 20629 | D:12     | Noticed Psyche
 20632 | D:12     | Killed Psyche
 21235 | D:12     | Noticed a death knight
 21263 | D:12     | Reached skill level 12 in Fighting
 21587 | Orc:1    | Entered Level 1 of the Orcish Mines
 21591 | Orc:1    | Noticed Erolcha
 22208 | D:9      | Killed Erolcha
 23121 | Orc:1    | Noticed Harold
 23125 | Orc:1    | Noticed an orc warlord
 23130 | Orc:1    | Killed Harold
 23141 | Orc:1    | Killed an orc warlord
 23141 | Orc:1    | Reached skill level 10 in Unarmed Combat
 23150 | Orc:1    | HP: 4/113 [orc warrior/+0 trident[an orc warlord] (12)]
 23150 | Orc:1    | Mangled by an orange demon

Skill      XL: |  1  2  3  4  5  6  7  8  9 10 11 12 |
---------------+-------------------------------------+-----
Fighting       | 2 3 4 5 6 7 9 10 11 12 | 12.3
Transmutations | 3 4 5 6 7 8 10 11 | 11.1
Invocations    | 3 5 |  5.9
Short Blades   | 2 |  2.6
Shields        | 1 |  1.6
Unarmed Combat | 4 5 7 9 10 | 10.0
Spellcasting   | 3 6 7 |  7.6
Dodging        | 3 |  3.6

Action                   |  1- 3 |  4- 6 |  7- 9 | 10-12 || total
-------------------------+-------+-------+-------+-------++-------
Melee: Unarmed           |   117 |     9 |       |   282 ||   408
       Tailslap          |    17 |    29 |    93 |    62 ||   201
       Kick              |     7 |     5 |    12 |     3 ||    27
       Headbutt          |     3 |    13 |    22 |     1 ||    39
       Punch             |     1 |     3 |    12 |    15 ||    31
       Dagger            |       |   289 |   554 |    96 ||   939
Throw: Stone             |       |       |    15 |     2 ||    17
 Cast: Beastly Appendage |    23 |    14 |    16 |     4 ||    57
       Sticks to Snakes  |     2 |    23 |    30 |    12 ||    67
       Blade Hands       |       |       |       |    52 ||    52
       Spider Form       |       |       |       |     1 ||     1
       Ice Form          |       |       |       |     1 ||     1
Invok: Stomp             |       |     2 |     1 |     1 ||     4
       Line Pass         |       |     1 |     4 |     2 ||     7
 Abil: Breathe Dispellin |       |       |     4 |     6 ||    10
  Use: Scroll            |       |       |    18 |    14 ||    32
       Potion            |       |       |       |    12 ||    12
 Stab: Distracted        |       |     3 |       |       ||     3
       Paralysed         |       |     3 |    21 |    25 ||    49
       Confused          |       |     1 |     1 |       ||     2
       Sleeping          |       |       |     1 |     1 ||     2
  Eat: Chunk             |     3 |    14 |    21 |    12 ||    50
       Ration            |       |       |     4 |    13 ||    17
Armor: Skin              |    29 |    92 |   207 |   121 ||   449
Dodge: Dodged            |    69 |   215 |   319 |   238 ||   841
Block: Buckler           |       |       |    14 |       ||    14
